 Dungeon Crawl Stone Soup version 0.24-a0-582-g4d4af813a0 (webtiles) character file.

Game seed: 13554091631503970825

566 Arang the Covered (level 7, 0/55 HPs)
             Began as a Formicid Fighter on Aug 27, 2019.
             Killed from afar by Ijyb (9 damage)
             ... with a puff of flame
             ... on level 5 of the Dungeon.
             The game lasted 00:10:19 (5488 turns).

Arang the Covered (Formicid Fighter)                Turns: 5488, Time: 00:10:20

Health: 0/55       AC:  7    Str: 23    XL:     7   Next: 59%
Magic:  7/7        EV:  8    Int:  7    God:
Gold:   278        SH:  9    Dex: 10    Spells: 6/6 levels left

rFire    . . .     SeeInvis +   r - +0 hand axe (flame)
rCold    . . .     Gourm    .   c - +0 shield
rNeg     . . .     Faith    .   b - +0 scale mail
rPois    .         Spirit   .   (helmet unavailable)
rElec    .         Reflect  .   (no cloak)
rCorr    .         Harm     .   (no gloves)
MR       .....                  (no boots)
Stlth    ..........             (no amulet)
HPRegen  0.18/turn              (no ring)
MPRegen  0.10/turn              (no ring)

@: no status effects
A: permanent stasis, dig shafts and tunnels, four strong arms, antennae 3
a: Dig, Shaft Self


You were on level 5 of the Dungeon.
You were hungry.

You visited 1 branch of the dungeon, and saw 5 of its levels.

You collected 278 gold pieces.

Inventory:

Hand Weapons
 a - a +0 war axe
 r - a +0 hand axe of flaming (weapon)
Missiles
 k - 20 poisoned darts (quivered)
Armour
 b - a +0 scale mail (worn)
 c - a +0 shield (worn)
Wands
 g - a wand of polymorph (14)
Scrolls
 e - 5 scrolls of identify {unknown}
 i - 2 scrolls of enchant armour {unknown}
 j - 3 scrolls of remove curse {unknown}
 n - 3 scrolls of teleportation {unknown}
 p - 2 scrolls of amnesia {unknown}
Potions
 h - 3 potions of degeneration {unknown}
 l - 3 potions of curing {unknown}
 m - 2 potions of magic {unknown}
 o - a potion of heal wounds
Comestibles
 f - 8 rations


   Skills:
 + Level 4.8 Fighting
 + Level 5.3 Axes
 + Level 1.2 Throwing
 + Level 5.7 Armour
 - Level 0.1 Stealth
 - Level 3.6 Shields


You had 6 spell levels left.
You didn't know any spells.
Your spell library was empty.

Dungeon Overview and Level Annotations

Branches:
Dungeon (5/15)
 Temple: D:4-7

Altars:
Fedhas
Kikubaaqudgha
Okawaru
Ru
Xom
Zin

Annotations:
D:1 exclusion: downstairs
D:2 Sigmund
D:3 exclusion: downstairs
D:4 exclusion: downstairs
D:5 2 runed translucent doors, Ijyb; paps's ghost, amateur DsGl


Innate Abilities, Weirdness & Mutations

You cannot be hasted, slowed, berserked, paralysed or teleported.
You can dig through walls and to a lower floor.
Your four strong arms can wield two-handed weapons with a shield.
You have a pair of large antennae on your head. (SInv)


Message History

Ijyb is moderately wounded.
Ijyb hits you.
* * * LOW HITPOINT WARNING * * *
Unknown command.
You barely miss Ijyb.
Ijyb is moderately wounded.
You block Ijyb's attack.
Unknown command.
You miss Ijyb.
Ijyb is moderately wounded.
Ijyb hits you but does no damage.
Unknown command.
You barely miss Ijyb.
Ijyb is moderately wounded.
Ijyb completely misses you.
Unknown command.
You hit Ijyb but do no damage.
Ijyb is moderately wounded.
Ijyb zaps a wand.
The puff of flame hits you!
You die...

...#...####..##...###
#.....## ##.........#.
#.....#### ##.........#
..##.....####.........##
..#....................#
.......#####...........##
.......# ##............
.......# #...........
.......## ##..g@...#
##......# ##..###).##
##......###..## #..#
##..........## ##.#
............# .#
............## .#
.............# ..
..............# .. {
...............# ...o{


You could see Ijyb.

Vanquished Creatures
  Duvessa (D:5)
  Dowan (D:5)
  3 orc wizards (D:5)
  An orc priest (D:3)
  A centaur skeleton (D:4)
  2 worker ants
  2 iguanas
  A gnoll (D:2)
  4 adders
  An adder skeleton (D:4)
  2 worms
  A dart slug (D:4)
  6 leopard geckos
  11 orcs
  A bat zombie (D:2)
  2 giant cockroaches
  8 goblins
  7 hobgoblins
  13 jackals
  A quokka (D:3)
  A ball python (D:3)
  5 bats
  4 frilled lizards
  A jackal skeleton (D:4)
  5 kobolds
  A quokka skeleton (D:4)
  12 rats
  2 rat zombies (D:2)
100 creatures vanquished.

Notes
Turn   | Place    | Note
-------+----------+-------------------------------------------
     0 | D:1      | Arang the Formicid Fighter began the quest for the Orb.
     0 | D:1      | Reached XP level 1. HP: 18/18 MP: 1/1
   244 | D:1      | Reached XP level 2. HP: 23/24 MP: 2/2
   743 | D:1      | Reached XP level 3. HP: 27/30 MP: 3/3
  1176 | D:2      | Reached XP level 4. HP: 30/37 MP: 4/4
  1327 | D:2      | Noticed Sigmund
  1651 | D:2      | Found an ancient bone altar of Kikubaaqudgha.
  1692 | D:2      | Found a glowing silver altar of Zin.
  1941 | D:3      | Found a shimmering altar of Xom.
  2029 | D:3      | Reached XP level 5. HP: 19/42 MP: 5/5
  2351 | D:3      | Found a blossoming altar of Fedhas.
  2401 | D:3      | Found an iron altar of Okawaru.
  3076 | D:4      | Reached XP level 6. HP: 32/49 MP: 6/6
  3769 | D:4      | Noticed an ogre
  4110 | D:5      | Entered Level 5 of the Dungeon
  4265 | D:5      | Found a sacrificial altar of Ru.
  4469 | D:5      | Noticed Dowan
  4560 | D:5      | Noticed Duvessa
  4578 | D:5      | Killed Duvessa
  4578 | D:5      | Reached skill level 5 in Axes
  4578 | D:5      | Reached skill level 1 in Throwing
  4578 | D:5      | Reached skill level 5 in Armour
  4578 | D:5      | Reached XP level 7. HP: 29/55 MP: 7/7
  5082 | D:5      | Found a large runed translucent door.
  5083 | D:5      | Found a large runed translucent door.
  5083 | D:5      | Noticed paps's ghost (amateur DsGl)
  5180 | D:5      | Killed Dowan
  5439 | D:5      | Noticed Ijyb
  5488 | D:5      | Killed from afar by Ijyb

Levels and vault maps discovered:
D:1:      tarquinn_simple_flora_water_c, layout_rooms
D:2:      layout_loops_ring, lemuel_round_altar,
          lemuel_zombie_altar_kikubaaqudgha, cheibrodos_gnoll_hut, uniq_sigmund
D:3:      layout_loops_cross, old_standard_altar, fedhas_altar_2,
          brannock_xom_greatest_gift
D:4:      layout_loops_ring, grunt_qazlal_sundering
D:5:      layout_layer_cave, nicolae_ru_great_annihilating_truth, first_ration,
          ebering_ghost_disaster_area, uniq_duvessa, uniq_ijyb

Skill      XL: |  1  2  3  4  5  6 |
---------------+-------------------+-----
Axes           | 3 4 5 |  5.3
Armour         | 4 5 |  5.7
Fighting       | 4 |  4.8
Throwing       | 1 |  1.2
Stealth        | |  0.1
Shields        | |  3.6

Action                   |  1- 3 |  4- 6 |  7- 9 || total
-------------------------+-------+-------+-------++-------
Melee: War axe           |   113 |   205 |       ||   318
       Hand axe          |       |    15 |    80 ||    95
Throw: Dart              |     2 |    16 |       ||    18
  Use: Potion            |       |     1 |     2 ||     3
 Stab: Paralysed         |       |     2 |       ||     2
  Eat: Chunk             |     1 |     8 |     2 ||    11
       Ration            |       |     1 |       ||     1
Armor: Scale mail        |    51 |    76 |    31 ||   158
Dodge: Dodged            |    29 |    71 |    25 ||   125
Block: Shield            |    69 |   112 |    29 ||   210

Table legend:
 A = Non-vault XP
 B = Vault XP
 C = Vault XP percentage of total XP
 D = Non-vault monster count
 E = Vault monster count
 F = Vault count percentage of total count
                 A         B        C        D         E       F
            +---------+---------+-------+---------+---------+-------
      Total |     508 |     301 |  37.2 |      88 |      12 |  12.0
            +---------+---------+-------+---------+---------+-------
        D:1 |      45 |       0 |   0.0 |      30 |       0 |   0.0
        D:2 |      57 |      23 |  28.8 |       9 |       6 |  40.0
        D:3 |      83 |       0 |   0.0 |      21 |       0 |   0.0
        D:4 |     183 |       0 |   0.0 |      19 |       0 |   0.0
        D:5 |     140 |     278 |  66.5 |       9 |       6 |  40.0
            +---------+---------+-------+---------+---------+-------
